 Dungeon Crawl Stone Soup version 0.29.0-3-gbb0933ed62 (webtiles) character file.

Game seed: 1122781378864569259

95 themarg the Ruffian (level 4, -1/35 HPs)
             Began as a Draconian Transmuter on Aug 25, 2022.
             Slain by Ijyb
             ... wielding a +0 club
              (3 damage)
             ... on level 3 of the Dungeon.
             The game lasted 00:07:23 (2421 turns).

themarg the Ruffian (Draconian Transmuter)          Turns: 2421, Time: 00:07:23

Health: -1/35      AC:  5    Str: 13    XL:     4   Next: 40%
Magic:  7/8        EV: 12    Int: 15    God:
Gold:   41         SH:  0    Dex: 11    Spells: 5/8 levels left

rFire   . . .      SeeInvis .   d - +0 long sword
rCold   . . .      Faith    .   (no shield)
rNeg    . . .      Spirit   .   (body armour unavailable)
rPois   .          Reflect  .   (helmet currently unavailable)
rElec   .          Harm     .   (no cloak)
rCorr   .          Rampage  .   (no gloves)
Will    +....                   (boots currently unavailable)
Stlth   +.........              (no amulet)
HPRegen 0.11/turn               j - ring of willpower
MPRegen 0.11/turn               (no ring)

@: appendages
A: horns 2, talons 2, AC +5, unfitting armour, cold-blooded
a: End Transformation


You were on level 3 of the Dungeon.
You had temporarily grown beastly horns and talons.
You visited 1 branch of the dungeon, and saw 3 of its levels.

You collected 71 gold pieces.
You spent 30 gold pieces at shops.

Inventory:

Hand Weapons
 d - a +0 long sword (weapon)
Jewellery
 j - a ring of willpower (left hand)
 k - a ring of poison resistance
Wands
 h - a wand of digging (3)
Scrolls
 b - a scroll of enchant weapon
 c - 2 scrolls of teleportation
 g - a scroll of fear
 i - a scroll of enchant armour {unknown}
 m - a scroll of fog {unknown}
Potions
 a - a potion of lignification
 e - a potion of attraction {unknown}
 f - a potion of haste {unknown}
 l - a potion of curing


   Skills:
 + Level 1.4 Fighting
 + Level 1.1 Long Blades
 + Level 2.2 Dodging
 + Level 0.1 Stealth
 + Level 3.5 Unarmed Combat
 + Level 2.9 Spellcasting
 + Level 2.6 Transmutations


You had 5 spell levels left.
You knew the following spells:

 Your Spells              Type           Power      Damage    Failure   Level
a - Beastly Appendage     Tmut           20%        N/A       7%          1
b - Wereblood             Tmut           10%        N/A       11%         2

Your spell library contained the following spells:

 Spells                   Type           Power      Damage    Failure   Level
 Foxfire                  Conj/Fire      8%         2x1d4     21%         1
 Slow                     Hex            8%         N/A       21%         1
 Spider Form              Tmut/Pois      6%         N/A       34%         3
 Ignite Poison            Fire/Tmut/Pois 4%         N/A       38%         3
 Confusing Touch          Hex            2%         N/A       52%         3
 Conjure Flame            Conj/Fire      2%         6-21      52%         3
 Inner Flame              Hex/Fire       2%         N/A       52%         3
 Vampiric Draining        Necr           2%         2d6       52%         3
 Ice Form                 Ice/Tmut       6%         N/A       75%         4
 Flame Wave               Conj/Fire      2%         2d4       90%         4
 Sticky Flame             Conj/Fire      2%         2d3       90%         4


Dungeon Overview and Level Annotations

Branches:
Dungeon (3/15)

Altars:
Qazlal

Shops:
D:2 *

Annotations:
D:1 exclusion: downstairs
D:3 Ijyb


Innate Abilities, Weirdness & Mutations

You have temporarily grown beastly horns and talons.
Your plain brown scales are hard. (AC +5)
You cannot fit into any form of body armour.
You are cold-blooded and may be slowed by cold attacks.


Message History

You open the door.
Ijyb the Twisted Goblin comes into view.
She is wielding a +0 club, wearing a +2 leather armour of fire resistance and carrying a wand of light (1).
Casting: Beastly Appendage (safe; 7% risk of failure)
Confirm with . or Enter, or press ? or * to list all spells.
You grow a pair of large bovine horns.
Your feet morph into talons.
Ijyb shouts!
Ijyb drinks a potion.
Ijyb flickers and vanishes!
Deactivating autopickup; reactivate with Ctrl-A.
Your transformation is almost over.
Something hits you but does no damage.
There is an open door here.
You barely miss something. You headbutt something. Something hits you.
You miss something. Your kick misses something. Something hits you.
You closely miss something. Your headbutt misses something.
Your tail-slap misses something.
You punch something. Something hits you. Something hits you but does no damage.
You closely miss something. Your kick misses something.
Your headbutt misses something.
You hear a zap.
A bolt of light appears from out of thin air!
The bolt of light hits you!
* * * LOW HITPOINT WARNING * * *
The now-empty wand crumbles to dust.
You barely miss something. Something completely misses you.
You closely miss something. Something hits you.
* * * LOW HITPOINT WARNING * * *
Something barely misses you.
You closely miss something. Your kick misses something.
Your horns disappear.
Your talons disappear.
Something hits you but does no damage.
Casting: Beastly Appendage (safe; 7% risk of failure)
Confirm with . or Enter, or press ? or * to list all spells.
You grow a pair of large bovine horns.
Your feet morph into talons.
Something hits you.
* * * LOW HITPOINT WARNING * * *
You barely miss something. Something hits you.
* * * LOW HITPOINT WARNING * * *
You completely miss something. Your headbutt misses something.
Something hits you but does no damage. Something hits you.
You die...

#.##..#....(#
#..+..'.._..+
#.##..#.....#
..##..#'###+#
#. #..#.....#
+##+##'##+
#.....#.....#
#.....#.....#
###@##+##+###
#....{...#
##########


There were no monsters in sight!

Vanquished Creatures
  Jessica (D:2)
  3 adders (D:2)
  A dart slug (D:2)
  4 orcs (D:3)
  2 bats
  2 endoplasms (D:1)
  5 goblins
  2 hobgoblins (D:1)
  A quokka (D:2)
  8 ball pythons
  4 frilled lizards
  4 kobolds
  2 rats
39 creatures vanquished.

Notes
Turn   | Place    | Note
-------+----------+-------------------------------------------
     0 | D:1      | themarg the Draconian Transmuter began the quest for the
                  | Orb.
     0 | D:1      | Reached XP level 1. HP: 16/16 MP: 3/3
   394 | D:1      | Found a faded altar of an unknown god.
   503 | D:1      | Reached XP level 2. HP: 23/23 MP: 3/5
   805 | D:1      | Learned a level 2 spell: Wereblood
  1014 | D:2      | Noticed Jessica
  1543 | D:2      | Reached XP level 3. HP: 28/28 MP: 4/6
  2045 | D:2      | Found Deuzar's General Store.
  2055 | D:2      | Bought a potion of curing for 30 gold pieces
  2151 | D:2      | Killed Jessica
  2152 | D:2      | Reached skill level 1 in Long Blades
  2152 | D:2      | Reached XP level 4. HP: 35/35 MP: 5/8
  2395 | D:3      | Found a stormy altar of Qazlal.
  2409 | D:3      | Noticed Ijyb
  2421 | D:3      | Slain by Ijyb

Illustrated notes

Levels and vault maps discovered:
D:1:      lightli_arrival_noodles, layout_loops_ring, basic_ecumenical_altar,
          kennysheep_small_spiral
D:2:      layout_basic, serial_shops, shop, uniq_jessica
D:3:      layout_loops_ring, lemuel_doored_altar, mainiacjoe_overflow_24_doors,
          serial_shops, shop, gup_sewer_entry_glass, due_unseen_surprise,
          uniq_ijyb

Skill      XL: |  1  2  3 |
---------------+----------+-----
Dodging        | 2 |  2.2
Long Blades    | 1 |  1.1
Fighting       | |  1.4
Stealth        | |  0.1
Unarmed Combat | |  3.5
Spellcasting   | |  2.9
Transmutations | |  2.6

Action                   |  1- 3 |  4- 6 || total
-------------------------+-------+-------++-------
Melee: Long sword        |    63 |    24 ||    87
       Unarmed           |     7 |       ||     7
       Headbutt          |    11 |     2 ||    13
       Kick              |     9 |     3 ||    12
       Tailslap          |     4 |     1 ||     5
       Punch             |       |     1 ||     1
 Cast: Beastly Appendage |    28 |     5 ||    33
  Use: Scroll            |       |     3 ||     3
Armor: Skin              |    24 |     8 ||    32
Dodge: Dodged            |    56 |    18 ||    74
